 Dungeon Crawl Stone Soup version 0.30-a0-322-g102857c98e (webtiles) character file.

Game seed: 8828972499447475677

241 billz999 the Skirmisher (level 6, 0/50 HPs)
             Began as a Gnoll Hunter on Oct 27, 2022.
             Was an Initiate of Dithmenos.
             Succumbed to a water moccasin's poison
             ... on level 4 of the Dungeon.
             The game lasted 00:04:50 (2391 turns).

billz999 the Skirmisher (Gnoll Hunter)              Turns: 2391, Time: 00:04:51

Health: 0/50       AC:  4    Str: 10    XL:     6   Next: 8%
Magic:  8/8        EV: 14    Int: 12    God:    Dithmenos [......]
Gold:   243        SH:  0    Dex: 18    Spells: 8/8 levels left

rFire   x . .      SeeInvis .    b - +7 falchion of the Fulmar {vorpal, rF- rCorr Int+4}
rCold   . . .      Faith    .    (no shield)
rNeg    . . .      Spirit   .    c - +0 leather armour
rPois   .          Reflect  .    n - +0 helmet
rElec   .          Harm     .    (no cloak)
rCorr   +          Rampage  .    (no gloves)
Will    .....                    (no boots)
Stlth   ++........               (no amulet)
HPRegen 0.28/turn                (no ring)
MPRegen 0.11/turn                (no ring)

@: lethally poisoned (0 -> -5), flying
A: fangs 1, strong nose, distributed training
a: Renounce Religion


You were on level 4 of the Dungeon.
You worshipped Dithmenos.
Dithmenos was noncommittal.
You visited 1 branch of the dungeon, and saw 4 of its levels.

You collected 243 gold pieces.

Inventory:

Hand Weapons
 a - a +0 shortbow
 b - the +7 falchion of the Fulmar (weapon) {vorpal, rF- rCorr Int+4}
   (You took it off a gnoll on level 3 of the Dungeon)

   It inflicts extra damage upon your enemies.
   Int:       It affects your intelligence (+4).
   rF:        It makes you vulnerable to fire.
   rCorr:     It protects you from acid and corrosion.
Armour
 c - a +0 leather armour (worn)
 l - a +0 chain mail
 m - an orb of energy
 n - a +0 helmet (worn)
Magical Staves
 k - a staff of earth
 v - a staff of conjuration
Wands
 t - a wand of flame (4)
Scrolls
 d - 3 scrolls of amnesia {unknown}
 e - a scroll of magic mapping {unknown}
 f - 4 scrolls of identify {unknown}
 g - 5 scrolls of teleportation {unknown}
 h - a scroll of vulnerability {unknown}
 i - a scroll of acquirement {unknown}
 q - a scroll of brand weapon {unknown}
 s - a scroll of immolation
Potions
 r - a potion of lignification {unknown}
 u - a potion of attraction {unknown}
 w - a potion of invisibility {unknown}
 x - a potion of cancellation {unknown}


   Skills:
 + Level 4.9 Fighting
 + Level 1.8 Short Blades
 + Level 1.8 Long Blades
 + Level 1.8 Axes
 + Level 1.8 Maces & Flails
 + Level 1.8 Polearms
 + Level 1.8 Staves
 + Level 8.7 Ranged Weapons
 + Level 1.8 Throwing
 + Level 1.8 Armour
 + Level 4.9 Dodging
 + Level 3.0 Stealth
 + Level 1.8 Shields
 + Level 1.8 Unarmed Combat
 + Level 1.8 Spellcasting
 + Level 1.4 Conjurations
 + Level 1.4 Hexes
 + Level 1.4 Summonings
 + Level 1.4 Necromancy
 + Level 1.4 Translocations
 + Level 1.4 Transmutations
 + Level 1.4 Fire Magic
 + Level 1.4 Ice Magic
 + Level 1.4 Air Magic
 + Level 1.4 Earth Magic
 + Level 1.4 Poison Magic
 + Level 2.0 Invocations
 + Level 1.8 Evocations


You had 8 spell levels left.
You didn't know any spells.
Your spell library contained the following spells:

 Spells                   Type           Power      Damage    Failure   Level
 Ensorcelled Hibernation  Hex/Ice        8%         N/A       30%         2
 Gell's Gravitas          Tloc           4%         N/A       52%         3
 Lesser Beckoning         Tloc           8%         N/A       52%         3
 Ozocubu's Armour         Ice            4%         N/A       52%         3
 Spider Form              Tmut/Pois      4%         N/A       52%         3
 Teleport Other           Tloc           4%         N/A       52%         3
 Anguish                  Hex/Necr       2%         N/A       89%         4
 Ozocubu's Refrigeration  Ice            2%         4d7       100%        7


Dungeon Overview and Level Annotations

Branches:
Dungeon (4/15)             Temple (0/1) D:4

Altars:
Dithmenos
Gozag
Sif Muna
Zin

Shops:
D:1 :


Innate Abilities, Weirdness & Mutations

You have very sharp teeth.
Your uncanny sense of smell can sniff out nearby items.
Your experience applies equally to all skills.


Message History

It was a potion of curing.
You feel better. The water moccasin bites you.
* * * LOW HITPOINT WARNING * * *
Okay, then.
It was a potion of magic.
Magic courses through your body. The water moccasin bites you.
* * * LOW HITPOINT WARNING * * *
You are lethally poisoned!
The water moccasin poisons you! The water moccasin bites you.
* * * LOW HITPOINT WARNING * * *
You are more poisoned.
The water moccasin poisons you!
You feel better. The water moccasin barely misses you.
You hit the water moccasin but do no damage.
The water moccasin is heavily wounded.
The water moccasin bites you.
You are poisoned.
The water moccasin poisons you! The water moccasin misses you.
You miss the water moccasin.
The water moccasin is heavily wounded.
You feel very sick. The water moccasin bites you.
* * * LOW HITPOINT WARNING * * *
You are lethally poisoned!
The water moccasin poisons you!
You feel better. The water moccasin bites you.
* * * LOW HITPOINT WARNING * * *
You are poisoned.
The water moccasin poisons you! The water moccasin bites you.
* * * LOW HITPOINT WARNING * * *
You barely miss the water moccasin.
The water moccasin is heavily wounded.
You feel very sick. The water moccasin bites you.
* * * LOW HITPOINT WARNING * * *
The water moccasin bites you.
* * * LOW HITPOINT WARNING * * *
It was a potion of flight.
You feel very buoyant.
You fly up into the air.
You die...

#......)##.#..........
#..........#....#####.
#........####.....#
#..###...# .##... #..#
#.#.# .# .#. ######.##
#...# .# # ###......#
##### #...######
#####.#.. #.'####
####@....... #.#...#
#...#S......
#.#.#.####.#.#.......
#.#..........#.......
#.###.####.###.......
#.# #.# #.# .......
#.# #.# #.# .......
#.# #.# #.# .......
... ...


You could see a water moccasin.

Vanquished Creatures
  A gnoll bouda (D:3)
  Ijyb (D:3)
  6 adders
  8 gnolls
  A worm (D:2)
  2 dart slugs
  3 endoplasms
  9 goblins
  4 hobgoblins
  3 quokkas (D:1)
  7 ball pythons
  A bat (D:2)
  3 frilled lizards (D:3)
  6 kobolds
  4 rats
59 creatures vanquished.

Notes
Turn   | Place    | Note
-------+----------+-------------------------------------------
     0 | D:1      | billz999 the Gnoll Hunter began the quest for the Orb.
     0 | D:1      | Reached XP level 1. HP: 20/20 MP: 1/1
    82 | D:1      | Noticed a great orb of eyes
    84 | D:1      | Found a faded altar of an unknown god.
    86 | D:1      | Noticed a shining eye
    86 | D:1      | Noticed an eye of devastation
    86 | D:1      | Noticed a golden eye
   139 | D:1      | Reached XP level 2. HP: 26/26 MP: 2/2
   221 | D:1      | Found Vunemuha's Vocational Training.
   766 | D:2      | Reached XP level 3. HP: 31/31 MP: 3/3
  1110 | D:2      | Reached skill level 1 in Invocations
  1163 | D:2      | Reached skill level 1 in Short Blades
  1163 | D:2      | Reached skill level 1 in Long Blades
  1163 | D:2      | Reached skill level 1 in Axes
  1163 | D:2      | Reached skill level 1 in Maces & Flails
  1163 | D:2      | Reached skill level 1 in Polearms
  1163 | D:2      | Reached skill level 1 in Staves
  1163 | D:2      | Reached skill level 1 in Throwing
  1163 | D:2      | Reached skill level 1 in Armour
  1163 | D:2      | Reached skill level 1 in Shields
  1163 | D:2      | Reached skill level 1 in Unarmed Combat
  1163 | D:2      | Reached skill level 1 in Spellcasting
  1163 | D:2      | Reached skill level 1 in Evocations
  1205 | D:2      | Reached XP level 4. HP: 38/38 MP: 5/5
  1550 | D:3      | Found a glowing silver altar of Zin.
  1552 | D:3      | Found a shimmering blue altar of Sif Muna.
  1631 | D:3      | Found a shadowy altar of Dithmenos.
  1643 | D:3      | Became a worshipper of Dithmenos the Shadowed
  1745 | D:3      | Reached skill level 1 in Conjurations
  1745 | D:3      | Reached skill level 1 in Hexes
  1745 | D:3      | Reached skill level 1 in Summonings
  1745 | D:3      | Reached skill level 1 in Necromancy
  1745 | D:3      | Reached skill level 1 in Translocations
  1745 | D:3      | Reached skill level 1 in Transmutations
  1745 | D:3      | Reached skill level 1 in Fire Magic
  1745 | D:3      | Reached skill level 1 in Ice Magic
  1745 | D:3      | Reached skill level 1 in Air Magic
  1745 | D:3      | Reached skill level 1 in Earth Magic
  1745 | D:3      | Reached skill level 1 in Poison Magic
  1760 | D:3      | Identified the +7 falchion of the Fulmar {vorpal, rF- rCorr
                  | Int+4}
  1803 | D:3      | Reached XP level 5. HP: 26/43 MP: 5/7
  1924 | D:3      | Noticed Ijyb
  1939 | D:3      | Killed Ijyb
  2080 | D:4      | Found an opulent altar of Gozag.
  2080 | D:4      | Found an opulent altar of Gozag.
  2119 | D:4      | Reached XP level 6. HP: 40/50 MP: 8/8
  2158 | D:4      | Found an opulent altar of Gozag.
  2169 | D:4      | Found an opulent altar of Gozag.
  2280 | D:4      | Found a staircase to the Ecumenical Temple.
  2372 | D:4      | Noticed a water moccasin
  2390 | D:4      | HP: 2/50 [water moccasin (2)]
  2391 | D:4      | Succumbed to a water moccasin's poison

Illustrated notes

Levels and vault maps discovered:
D:1:      dpeg_arrival_ternary, layout_loops_ring,
          hellmonk_ecumenical_altar_watching_god, grunt_decor_clamped,
          nicolae_shop_vocational
D:2:      layout_basic
D:3:      kennysheep_the_goblin_king, layout_rooms, grunt_dithmenos_smoke,
          chequers_temple_overflow_statue_of_worship, minmay_bisected
D:4:      layout_rooms, nicolae_gozag_conspicuous_consumption,
          minmay_temple_entry_drinking_statues, ebering_ghost_disaster_area,
          roderic_st_hans_cross

Skill      XL: |  1  2  3  4  5 |
---------------+----------------+-----
Invocations    | 1 2 |  2.0
Short Blades   | 1 |  1.8
Long Blades    | 1 |  1.8
Axes           | 1 |  1.8
Maces & Flails | 1 |  1.8
Polearms       | 1 |  1.8
Staves         | 1 |  1.8
Throwing       | 1 |  1.8
Armour         | 1 |  1.8
Shields        | 1 |  1.8
Unarmed Combat | 1 |  1.8
Spellcasting   | 1 |  1.8
Evocations     | 1 |  1.8
Conjurations   | 1 |  1.4
Hexes          | 1 |  1.4
Summonings     | 1 |  1.4
Necromancy     | 1 |  1.4
Translocations | 1 |  1.4
Transmutations | 1 |  1.4
Fire Magic     | 1 |  1.4
Ice Magic      | 1 |  1.4
Air Magic      | 1 |  1.4
Earth Magic    | 1 |  1.4
Poison Magic   | 1 |  1.4
Stealth        | 3 |  3.0
Fighting       | |  4.9
Ranged Weapons | |  8.7
Dodging        | |  4.9

Action                   |  1- 3 |  4- 6 || total
-------------------------+-------+-------++-------
Melee: Falchion          |       |    35 ||    35
       Punch             |       |     2 ||     2
       Bite              |       |     1 ||     1
 Fire: Shortbow          |    63 |    63 ||   126
  Use: Potion            |       |     5 ||     5
Armor: Leather armour    |     6 |     7 ||    13
Dodge: Dodged            |    12 |    34 ||    46

Table legend: (Time is in decaauts)
 A = Elapsed time spent in this place.
 B = Non-inter-level travel time spent in this place.
 C = Inter-level travel time spent in this place.
 D = Time resting spent in this place.
 E = Time spent auto-exploring this place.
 F = Levels seen in this place.
 G = Mean time per level.
                   A        B        C        D        E       F      G
               +--------+--------+--------+--------+--------+-----+--------+
         Total |   2410 |   2304 |    106 |      3 |   1916 |   4 |  602.5 |
       Dungeon |   2410 |   2304 |    106 |      3 |   1916 |   4 |  602.5 |
               +--------+--------+--------+--------+--------+-----+--------+

Top non-repeatable levels by time:
     D:3: 733 daAuts
     D:1: 713 daAuts
     D:2: 659 daAuts
     D:4: 303 daAuts
